AoeStats
← 小白

Socotra

504965027Analyzed
4v4 RM · 26d ago on Sep 7, 2026· 36m 2s· 8 players
Game mode
Random Map
Map size
148×148
Population
200
Speed
Normal
Resources
Standard
Victory
Conquest
Starting age
Dark Age
Ending age
Imperial Age
RankedLock teamsTeams togetherTeam positionsShared explorationLock speedFull tech treeHidden civsTurbo modeCheats
Victory
Defeat
🇹🇼 Dravidians · Taiwan
1952
+7
🇹🇼 Khmer · Taiwan
1898
+8
🇹🇼 Slavs · Taiwan
1852
+10
🇹🇼 Persians · Taiwan
1621
+19
🇨🇳 Mongols · China
1769
-13
🇨🇳 Jurchens · China
1723
-11
🇹🇷 Cumans · Türkiye
1706
-11
🇳🇿 Shu · New Zealand
1659
-9
XXYY
3:16 Loom
15:28 Feudal Age
20:44 Castle Age
19:25 Double-Bit Axe
21:46 Bow Saw
22:28 Horse Collar
29:33 Fletching
34:43 Wheelbarrow
34:15 Heavy Plow
Apep
3:58 Loom
16:15 Feudal Age
16:54 Double-Bit Axe
爱人跟人走
7:38 Feudal Age
8:15 Double-Bit Axe
8:37 Horse Collar
9:31 Loom
14:44 Forging
16:05 Scale Barding Armor
19:45 Wheelbarrow
19:46 Bloodlines
24:31 Castle Age
24:35 Light Cavalry
25:16 Husbandry
25:52 Chain Barding Armor
29:27 Bow Saw
29:17 Heavy Plow
29:08 Gold Mining
33:43 Iron Casting
33:46 Gold Shaft Mining
33:58 Fletching
回忆里太多好
5:25 Loom
8:48 Feudal Age
9:53 Double-Bit Axe
16:35 Forging
16:32 Scale Barding Armor
20:14 Bloodlines
24:01 Castle Age
22:26 Forging
24:02 Light Cavalry
25:22 Iron Casting
24:55 Pikeman
26:55 Scale Mail Armor
嘻嘻哈哈
9:19 Feudal Age
9:47 Double-Bit Axe
10:05 Loom
14:34 Horse Collar
17:02 Bloodlines
18:52 Wheelbarrow
22:54 Castle Age
21:24 Forging
21:25 Gold Mining
22:58 Scale Barding Armor
24:03 Chain Barding Armor
23:46 Husbandry
23:56 Bow Saw
26:45 Gold Shaft Mining
28:55 Heavy Plow
30:25 Hand Cart
32:40 Stone Mining
Sumi
1:22 Loom
小白
8:31 Feudal Age
9:25 Double-Bit Axe
10:14 Horse Collar
13:13 Bloodlines
15:31 Scale Barding Armor
18:46 Wheelbarrow
22:35 Castle Age
21:00 Forging
21:29 Gold Mining
22:37 Light Cavalry
23:17 Husbandry
23:38 Chain Barding Armor
25:24 Loom
33:41 Iron Casting
33:36 Bow Saw
老天鵝
1:57 Loom
21:51 Feudal Age
22:22 Double-Bit Axe
22:20 Horse Collar
27:03 Castle Age
28:50 Fletching
Connection lost

Rejoining the realm…

Still unreachable

The connection could not be restored.

Session expired

The server has moved on; the page needs a fresh start.